 Dungeon Crawl Stone Soup version 0.23-a0-636-g0ff6057 (webtiles) character file.

1137 galech the Chopper (level 8, -2/63 HPs)
             Began as a Demonspawn Fighter on Dec 28, 2018.
             Slain by a sky beast (5 damage)
             ... on level 6 of the Dungeon.
             The game lasted 00:06:18 (5781 turns).

galech the Chopper (Demonspawn Fighter)             Turns: 5781, Time: 00:06:18

Health: -2/63      AC: 10    Str: 16    XL:     8   Next: 14%
Magic:  8/8        EV:  8    Int:  9    God:
Gold:   215        SH: 10    Dex: 16    Spells: 7/7 levels left

rFire    . . .     SeeInvis .   a - +0 war axe
rCold    + . .     Gourm    .   c - +0 shield
rNeg     . . .     Faith    .   b - +0 scale mail
rPois    .         Spirit   .   (helmet restricted)
rElec    .         Reflect  .   (no cloak)
rCorr    .         Harm     .   (no gloves)
MR       .....                  u - +0 pair of boots
Stlth    +.........             (no amulet)
HPRegen  0.20/turn              (no ring)
MPRegen  0.11/turn              (no ring)

@: no status effects
A: horns 1, rugged brown scales 2, cold resistance 1
a: no special abilities


You were on level 6 of the Dungeon.
You were not hungry.

You visited 1 branch of the dungeon, and saw 6 of its levels.

You collected 215 gold pieces.

Inventory:

Hand Weapons
 a - a +0 war axe (weapon)
Armour
 b - a +0 scale mail (worn)
 c - a +0 shield (worn)
 u - a +0 pair of boots (worn)
Wands
 l - a wand of paralysis (11)
Scrolls
 g - 2 scrolls of noise {unknown}
 i - 2 scrolls of enchant armour {unknown}
 k - 2 scrolls of magic mapping {unknown}
 n - 6 scrolls of identify {unknown}
 o - a scroll of amnesia {unknown}
 r - 5 scrolls of teleportation {unknown}
 t - 3 scrolls of enchant weapon {unknown}
 v - 2 scrolls of remove curse {unknown}
 x - a scroll of vulnerability {unknown}
Potions
 d - 2 potions of mutation {unknown}
 e - a potion of flight {unknown}
 h - a potion of degeneration {unknown}
 j - a potion of lignification
 m - a potion of curing {unknown}
 p - a potion of heal wounds {unknown}
 q - a potion of invisibility
 s - a potion of agility {unknown}
 w - a potion of berserk rage {unknown}
 z - a potion of brilliance {unknown}
 A - a potion of ambrosia {unknown}
Comestibles
 f - 11 rations


   Skills:
 + Level 4.1 Fighting
 + Level 5.7 Axes
 + Level 4.8 Armour
 + Level 2.0 Dodging
 + Level 1.5 Stealth
 + Level 4.6 Shields


You had 7 spell levels left.
You didn't know any spells.
Your spell library was empty.

Dungeon Overview and Level Annotations

Branches:
Dungeon (6/15)
 Temple: D:4-7

Altars:
Elyvilon
Fedhas
Kikubaaqudgha
Ru
The Shining One

Shops:
D:4 [

Annotations:
D:3 2 transporters, Leeroy's ghost, amateur BaSk


Innate Abilities, Weirdness & Mutations

You have a pair of small horns on your head.
You are mostly covered in rugged brown scales. (AC +2, +5% HP)
Your flesh is cold resistant. (rC+)


Message History

You block the gnoll's attack. x2; The gnoll hits you.
* * * LOW HITPOINT WARNING * * *
The sky beast hits you.
* * * LOW HITPOINT WARNING * * *
The sky beast shocks you.
* * * LOW HITPOINT WARNING * * *
The worker ant zombie bites you.
* * * LOW HITPOINT WARNING * * *
You block the gnoll's attack.
You hit the gnoll.
The gnoll is almost dead.
Your shield prevents you from hitting the gnoll.
You hit the sky beast. You slash the worker ant zombie!
You block the gnoll's attack. The gnoll completely misses you.
The sky beast flickers out of sight!
Deactivating autopickup; reactivate with Ctrl-A.
Something hits you.
* * * LOW HITPOINT WARNING * * *
Something shocks you.
You die...

.......##.####..#..##.
.......##....##..##....
.......................
.....................##
...........###....>..#
......#.........>.#
..................#
.......Z....#....
......g@{..###...
.....g†g.....#..#
.........##......
....#..... .....
...###.....#.##. ...
#....#### . ...### .#..


You could see 3 gnolls and a worker ant zombie.

Vanquished Creatures
  Grinder (D:3)
  An orc warrior (D:5)
  2 phantoms (D:4)
  Blork the orc (D:5)
  A crimson imp (D:6)
  A hound (D:4)
  A jelly (D:5)
  A centaur skeleton (D:5)
  3 orc priests
  An orc wizard (D:5)
  2 iguanas
  Terence (D:2)
  5 worker ants
  Robin (D:3)
  5 adders
  An adder skeleton (D:5)
  2 worms
  4 dart slugs
  2 leopard geckos
  11 orcs
  8 bats
  3 giant cockroaches
  17 goblins
  7 hobgoblins
  6 jackals
  12 kobolds
  2 quokkas
  2 ball pythons
  7 frilled lizards
  A jackal zombie (D:5)
  A leopard gecko zombie (D:5)
  A quokka skeleton (D:4)
  8 rats
122 creatures vanquished.

Notes
Turn   | Place    | Note
-------+----------+-------------------------------------------
     0 | D:1      | galech the Demonspawn Fighter began the quest for the Orb.
     0 | D:1      | Reached XP level 1. HP: 18/18 MP: 1/1
   483 | D:1      | Reached skill level 2 in Axes
   483 | D:1      | Gained mutation: You are partially covered in rugged brown
                  | scales. (AC +1, +3% HP) [demonic ancestry]
   483 | D:1      | Reached XP level 2. HP: 12/24 MP: 2/2
  1186 | D:2      | Gained mutation: You are mostly covered in rugged brown
                  | scales. (AC +2, +5% HP) [demonic ancestry]
  1186 | D:2      | Reached XP level 3. HP: 21/30 MP: 3/3
  1885 | D:3      | Noticed Terence
  1918 | D:2      | Killed Terence
  1918 | D:2      | Reached XP level 4. HP: 18/36 MP: 4/4
  2238 | D:3      | Reached skill level 1 in Stealth
  2243 | D:3      | Reached skill level 3 in Axes
  2333 | D:3      | Found a glowing golden altar of the Shining One.
  2376 | D:3      | Noticed Grinder
  2385 | D:3      | Killed Grinder
  2385 | D:3      | Gained mutation: Your flesh is cold resistant. (rC+)
                  | [demonic ancestry]
  2385 | D:3      | Reached XP level 5. HP: 38/44 MP: 5/5
  2385 | D:3      | Gained mutation: You have a pair of small horns on your
                  | head. [demonic ancestry]
  2385 | D:3      | Reached XP level 6. HP: 43/50 MP: 6/6
  2492 | D:3      | Found a transporter.
  2501 | D:3      | Noticed Leeroy's ghost (amateur BaSk)
  2505 | D:3      | Found a transporter.
  2700 | D:3      | Noticed Robin
  2710 | D:3      | Reached skill level 4 in Axes
  2720 | D:3      | Killed Robin
  3311 | D:4      | Found an ancient bone altar of Kikubaaqudgha.
  3640 | D:4      | You fall through a shaft!
  3640 | D:5      | Entered Level 5 of the Dungeon
  3765 | D:5      | Found a blossoming altar of Fedhas.
  3940 | D:5      | Found an ancient bone altar of Kikubaaqudgha.
  3941 | D:5      | Found a sacrificial altar of Ru.
  3944 | D:5      | Found a white marble altar of Elyvilon.
  4030 | D:5      | Reached XP level 7. HP: 23/55 MP: 7/7
  4124 | D:5      | Reached skill level 1 in Dodging
  4139 | D:5      | HP: 4/82 [orc warrior/+0 trident (5)]
  4153 | D:5      | HP: 2/55 [orc warrior/+0 trident (3)]
  4275 | D:5      | Noticed Blork the orc
  4284 | D:5      | Killed Blork the orc
  4536 | D:5      | Reached skill level 5 in Axes
  5222 | D:4      | Found Koxuz's Antique Armour Emporium.
  5524 | D:4      | Reached XP level 8. HP: 63/63 MP: 8/8
  5781 | D:6      | HP: 3/63 [something (1)]
  5781 | D:6      | Slain by a sky beast

Vault maps used:
D:1:      psy_arrival_basics, chequers_garden, minmay_misc_feat_nine_boxes
D:3:      nicolae_overflow_crystal_walls, gammafunk_ghost_arena, first_ration,
          uniq_grinder, uniq_robin, uniq_terence
D:4:      serial_shops, nicolae_shop_crystal, lemuel_altar_in_water
D:5:      cheibrodos_two_vegetables, minitemple, cheibrodos_sewer_entry_bend,
          uniq_blork_the_orc

Skill      XL: |  1  2  3  4  5  6  7  8 |
---------------+-------------------------+-----
Axes           | 2 3 4 5 |  5.7
Shields        | 3 4 |  4.6
Armour         | 3 4 |  4.8
Stealth        | 1 |  1.5
Dodging        | 1 2 |  2.0
Fighting       | 4 |  4.1

Action                   |  1- 3 |  4- 6 |  7- 9 || total
-------------------------+-------+-------+-------++-------
Melee: War axe           |   146 |   157 |   136 ||   439
       Headbutt          |       |    22 |    22 ||    44
  Use: Potion            |     1 |     1 |     2 ||     4
 Stab: Invisible         |       |       |     1 ||     1
  Eat: Chunk             |     3 |     7 |     6 ||    16
Armor: Scale mail        |    65 |    80 |    55 ||   200
       Skin              |       |       |    19 ||    19
Dodge: Dodged            |    42 |    51 |    43 ||   136
Block: Shield            |    93 |    87 |    74 ||   254

Table legend:
 A = Non-vault XP
 B = Vault XP
 C = Vault XP percentage of total XP
 D = Non-vault monster count
 E = Vault monster count
 F = Vault count percentage of total count
                 A         B        C        D         E       F
            +---------+---------+-------+---------+---------+-------
      Total |    1164 |     461 |  28.4 |     106 |      16 |  13.1
            +---------+---------+-------+---------+---------+-------
        D:1 |      30 |       0 |   0.0 |      14 |       0 |   0.0
        D:2 |      61 |      36 |  37.1 |      25 |       1 |   3.8
        D:3 |      94 |     296 |  75.9 |      22 |      12 |  35.3
        D:4 |     423 |       0 |   0.0 |      16 |       0 |   0.0
        D:5 |     493 |     129 |  20.7 |      27 |       3 |  10.0
        D:6 |      63 |       0 |   0.0 |       2 |       0 |   0.0
            +---------+---------+-------+---------+---------+-------
